 Dungeon Crawl Stone Soup version 0.27-a0-1188-g73eefd5def (webtiles) character file.

Game seed: 5061656421938034888

56 Fawit the Shield-Bearer (level 4, 0/35 HPs)
             Began as a Human Fighter on May 21, 2021.
             Slain by Grinder (4 damage)
             ... while paralysed by Grinder
             ... on level 3 of the Dungeon.
             The game lasted 00:19:36 (1733 turns).

Fawit the Shield-Bearer (Human Fighter)             Turns: 1733, Time: 00:19:37

Health: 0/35       AC:  6    Str: 17    XL:     4   Next: 15%
Magic:  4/4        EV:  2    Int:  9    God:
Gold:   83         SH:  0    Dex: 12    Spells: 3/3 levels left

rFire    + . .     SeeInvis .   a - +0 war axe
rCold    x . .     Faith    .   c - +0 kite shield
rNeg     . . .     Spirit   .   b - +0 scale mail
rPois    .         Reflect  .   (no helmet)
rElec    .         Harm     .   (no cloak)
rCorr    .         Rampage  .   (no gloves)
Will     .....                  (no boots)
Stlth    ..........             (no amulet)
HPRegen  0.11/turn              o - ring of fire
MPRegen  0.09/turn              (no ring)

@: paralysed
A: no striking features
a: no special abilities


You were on level 3 of the Dungeon.
You visited 1 branch of the dungeon, and saw 3 of its levels.

You collected 83 gold pieces.

Inventory:

Hand Weapons
 a - a +0 war axe (weapon)
Missiles
 f - 41 sling bullets
 k - 41 stones (quivered)
 q - 32 arrows
Armour
 b - a +0 scale mail (worn)
 c - a +0 kite shield (worn)
Jewellery
 o - a ring of fire (left hand)
Scrolls
 h - a scroll of fog
 j - a scroll of enchant weapon {unknown}
 l - a scroll of identify
 m - a scroll of silence {unknown}
 p - a scroll of magic mapping {unknown}
 s - 3 scrolls of blinking {unknown}
Potions
 d - 2 potions of might
 g - a potion of mutation {unknown}
 i - 2 potions of lignification {unknown}
 n - a potion of attraction {unknown}
 r - a potion of degeneration {unknown}
 t - a potion of heal wounds {unknown}


   Skills:
 + Level 3.2 Fighting
 + Level 2.8 Axes
 + Level 3.4 Armour
 + Level 0.2 Dodging
 + Level 3.5 Shields


You had 3 spell levels left.
You didn't know any spells.
Your spell library contained the following spells:

 Spells                   Type           Power      Damage    Failure   Level
 Magic Dart               Conj           0%         1d3       99%         1
 Blink                    Tloc           N/A        N/A       100%        2
 Call Imp                 Summ           0%         N/A       100%        2
 Slow                     Hex            0%         N/A       100%        2
 Conjure Flame            Conj/Fire      0%         6-21      100%        3
 Mephitic Cloud           Conj/Pois/Air  0%         N/A       100%        3


Dungeon Overview and Level Annotations

Branches:
Dungeon (3/15)

Altars:
Elyvilon

Annotations:
D:3 Grinder


Message History

Grinder grins, showing sharp teeth.
Grinder blinks!
Throw: 42 stones
Press: ? - help, Q - select action Shift-Dir - straight line, f/p - Grinder
Aim: Grinder (53% to hit)
You throw a stone. The stone closely misses Grinder.
You closely miss Grinder. Grinder gestures at you.
Pain shoots through your body! What are your orders? t - Shout!
Orders for allies: a - Attack new target. p - Attack previous target. r - Retreat! s - Stop attacking. g - Guard the area. f - Follow me.
Anything else - Cancel.
Okay, then.
You feel better. You block Grinder's attack.
You closely miss Grinder. You block Grinder's attack.
An orc comes into view. It is wielding a +0 falchion.
Grinder barely misses you.
The orc moves out of view.
You closely miss Grinder. Grinder gestures at you.
Pain shoots through your body!
* * * LOW HITPOINT WARNING * * *
You hit Grinder.
Grinder is lightly wounded.
You block Grinder's attack.
Grinder blinks!
Grinder gestures at you.
You suddenly lose the ability to move!
The orc hits you with a +0 falchion.
* * * LOW HITPOINT WARNING * * *
Grinder says, "Mostly I couldn't keep them alive."
The orc hits you with a +0 falchion.
* * * LOW HITPOINT WARNING * * *
The orc hits you with a +0 falchion.
* * * LOW HITPOINT WARNING * * *
The orc hits you with a +0 falchion.
* * * LOW HITPOINT WARNING * * *
Grinder hits you.
You die...

##.....# ......# ##
#.....#
...######.....#
...........#######
##..............
#...g..(.....#
#..####o.##### ..(.
##@.# .#.# #.5.# ##
.( #..## #.. . #..#
#.# # #..# #.# ##.#
#..# #.# #
.....##..#
##.##.####
#.......###...#.....
#.......†.......#


You could see Grinder and an orc.

Vanquished Creatures
  An adder (D:2)
  An ufetubus (D:2)
  A worm (D:2)
  A ball python (D:2)
  2 bats (D:1)
  4 endoplasms
  A giant cockroach (D:1)
  4 goblins
  5 hobgoblins
  7 jackals
  A quokka (D:2)
  2 kobolds
  2 rats
32 creatures vanquished.

Notes
Turn   | Place    | Note
-------+----------+-------------------------------------------
     0 | D:1      | Fawit the Human Fighter began the quest for the Orb.
     0 | D:1      | Reached XP level 1. HP: 18/18 MP: 1/1
   228 | D:1      | Reached XP level 2. HP: 24/24 MP: 2/2
   614 | D:2      | Reached XP level 3. HP: 21/29 MP: 3/3
  1215 | D:2      | Found a faded altar of an unknown god.
  1267 | D:2      | Found a white marble altar of Elyvilon.
  1344 | D:2      | Reached XP level 4. HP: 35/35 MP: 4/4
  1682 | D:3      | Noticed Grinder
  1692 | D:3      | Paralysed by Grinder for 4 turns
  1729 | D:3      | Paralysed by Grinder for 5 turns
  1733 | D:3      | Slain by Grinder

Illustrated notes

Levels and vault maps discovered:
D:1:      amcnicky_arrival_flooded_fountain, layout_rooms
D:2:      wad_crossroads, layout_rooms,
          hellmonk_ecumenical_altar_pennies_from_heaven, basic_altar,
          roderic_filled_cross
D:3:      layout_loops_ring, hex_medium, uniq_grinder

Action                   |  1- 3 |  4- 6 || total
-------------------------+-------+-------++-------
Melee: War axe           |    85 |    28 ||   113
Throw: Stone             |       |     6 ||     6
  Use: Potion            |     1 |     1 ||     2
       Scroll            |     1 |       ||     1
Armor: Scale mail        |    46 |     9 ||    55
Dodge: Dodged            |    27 |     8 ||    35
Block: Kite shield       |    44 |    19 ||    63

Table legend: (Time is in decaauts)
 A = Elapsed time spent in this place.
 B = Non-inter-level travel time spent in this place.
 C = Inter-level travel time spent in this place.
 D = Time resting spent in this place.
 E = Time spent auto-exploring this place.
 F = Levels seen in this place.
 G = Mean time per level.
                   A        B        C        D        E       F      G
               +--------+--------+--------+--------+--------+-----+--------+
         Total |   1806 |   1758 |     48 |    454 |    494 |   3 |  602.0 |
       Dungeon |   1806 |   1758 |     48 |    454 |    494 |   3 |  602.0 |
               +--------+--------+--------+--------+--------+-----+--------+

Top non-repeatable levels by time:
     D:2: 1245 daAuts
     D:1: 389 daAuts
     D:3: 171 daAuts
